PL
PHOENIX HOTSPUR @ CHICAGO GOLD SOX
06/03/2030
 
TOP OF THE 1ST
Phoenix Hotspur batting - Pitching for Chicago Gold Sox : RHP Shuntavyious Primes-Willes
Pitching: RHP Shuntavyious Primes-Willes
Batting: RHB Roland Deschain 0-0: Ball
1-0: Foul Ball, location: 2F
1-1: Swinging Strike
1-2: Ball
2-2: Foul Ball, location: 2F
2-2: Ball
3-2: Foul Ball, location: 2F
3-2: Fly out, F9 (Flyball, 9D)
Batting: LHB Francisco García 0-0: Called Strike
0-1: Foul Ball, location: 2F
0-2: Fly out, F3 (Line Drive, 34)
Batting: LHB Shojiro Ueda 0-0: Fly out, F8 (Line Drive, 8LS)
Top of the 1st over - 0 runs, 0 hits, 0 errors, 0 left on base; Phoenix 0 - Chicago 0
BOTTOM OF THE 1ST
Chicago Gold Sox batting - Pitching for Phoenix Hotspur : LHP Wes Hamm
Pitching: LHP Wes Hamm
Batting: LHB Stanley Belote 0-0: Ball
1-0: Ball
2-0: Foul Ball, location: 2F
2-1: Foul Ball, location: 2F
2-2: Strikes out swinging
Batting: LHB Ricardo Collazo 0-0: Ball
1-0: Foul Ball, location: 2F
1-1: Ball
2-1: Ground out 6-3 (Groundball, 6M)
Batting: LHB Noel Ballard 0-0: Swinging Strike
0-1: Ball
1-1: Foul Ball, location: 2F
1-2: Ball
2-2: Foul Ball, location: 2F
2-2: Foul Ball, location: 2F
2-2: SINGLE (Groundball, 6MD)
Batting: SHB Lupo Cotto 0-0: Called Strike
Noel Ballard steals 2nd base
0-1: Ball
1-1: Fly out, F9 (Flyball, 9D)
Bottom of the 1st over - 0 runs, 1 hit, 0 errors, 1 left on base; Phoenix 0 - Chicago 0
TOP OF THE 2ND
Phoenix Hotspur batting - Pitching for Chicago Gold Sox : RHP Shuntavyious Primes-Willes
Batting: RHB Ed Sharp 0-0: Ball
1-0: Called Strike
1-1: Foul Ball, location: 2F
1-2: Strikes out swinging
Batting: RHB John Downing 0-0: Foul Ball, location: 2F
0-1: Ball
1-1: Ball
2-1: Foul Ball, location: 2F
2-2: Ball
3-2: DOUBLE (Line Drive, 8LXD)
Batting: RHB Kyle Bywaters 0-0: Foul Ball, location: 2F
0-1: Ball
1-1: SINGLE (Line Drive, 6M)
John Downing to third
Batting: RHB Pierre Bernard 0-0: SINGLE (Groundball, 4M) (infield hit)
John Downing scores
Kyle Bywaters to second
Batting: LHB Wagaw Lukongolo 0-0: Swinging Strike
0-1: Foul Ball, location: 2F
0-2: Strikes out swinging
Batting: RHB Alex Niemann 0-0: Ball
1-0: SINGLE (Groundball, 6MD)
Kyle Bywaters to third
Pierre Bernard to second
Runner from 3rd tries for Home, SAFE, throw made home
Batting: RHB Roland Deschain 0-0: Called Strike
0-1: Ball
1-1: Ball
2-1: SINGLE (Line Drive, 7LS)
Pierre Bernard to third
Alex Niemann to second
Runner from 3rd tries for Home, SAFE, no throw
Batting: LHB Francisco García 0-0: Foul Ball, location: 2F
0-1: Foul Ball, location: 2F
0-2: SINGLE (Line Drive, 56)
Alex Niemann to third
Roland Deschain to second
Runner from 3rd tries for Home, SAFE, no throw
Batting: LHB Shojiro Ueda 0-0: Called Strike
0-1: Fly out, F7 (Flyball, 7S)
Top of the 2nd over - 4 runs, 6 hits, 0 errors, 2 left on base; Phoenix 4 - Chicago 0
BOTTOM OF THE 2ND
Chicago Gold Sox batting - Pitching for Phoenix Hotspur : LHP Wes Hamm
Batting: LHB Dewitt Hopper 0-0: Ball
1-0: Ball
2-0: Foul Ball, location: 2F
2-1: Foul Ball, location: 2F
2-2: Ground out 4-3 (Groundball, 4)
Batting: RHB Manuel Guillama 0-0: Ball
1-0: Called Strike
1-1: Swinging Strike
1-2: Foul Ball, location: 2F
1-2: Foul Ball, location: 2F
1-2: Fly out, F7 (Flyball, 7LS)
Batting: LHB Sergio Rodríguez 0-0: Called Strike
0-1: Foul Ball, location: 2F
0-2: Ball
1-2: Strikes out looking
Bottom of the 2nd over - 0 runs, 0 hits, 0 errors, 0 left on base; Phoenix 4 - Chicago 0
TOP OF THE 3RD
Phoenix Hotspur batting - Pitching for Chicago Gold Sox : RHP Shuntavyious Primes-Willes
Batting: RHB Ed Sharp 0-0: Fly out, F7 (Flyball, 7S)
Batting: RHB John Downing 0-0: Called Strike
0-1: Fly out, F8 (Line Drive, 8LM)
Batting: RHB Kyle Bywaters 0-0: Swinging Strike
0-1: Called Strike
0-2: Strikes out looking
Top of the 3rd over - 0 runs, 0 hits, 0 errors, 0 left on base; Phoenix 4 - Chicago 0
BOTTOM OF THE 3RD
Chicago Gold Sox batting - Pitching for Phoenix Hotspur : LHP Wes Hamm
Batting: LHB Naohiro Sakai 0-0: Called Strike
0-1: Foul Ball, location: 2F
0-2: Strikes out swinging
Batting: RHB Zeus Preckwinkle 0-0: Ball
1-0: Ball
2-0: Fly out, F2 (Popup, 23F)
Batting: LHB Stanley Belote 0-0: Ground out U3 (Groundball, 3)
Bottom of the 3rd over - 0 runs, 0 hits, 0 errors, 0 left on base; Phoenix 4 - Chicago 0
TOP OF THE 4TH
Phoenix Hotspur batting - Pitching for Chicago Gold Sox : RHP Shuntavyious Primes-Willes
Batting: RHB Pierre Bernard 0-0: Called Strike
0-1: Ground out 4-3 (Groundball, 4)
Batting: LHB Wagaw Lukongolo 0-0: SINGLE (Flyball, 78M)
Batting: RHB Alex Niemann 0-0: 2-RUN HOME RUN (Flyball, 7D), Distance : 396 ft
Batting: RHB Roland Deschain 0-0: Called Strike
0-1: Ball
1-1: Ball
2-1: Ground out 5-3 (Groundball, 56S)
Batting: LHB Francisco García 0-0: Ball
1-0: Called Strike
1-1: Foul Ball, location: 2F
1-2: Fly out, F8 (Flyball, 8LM)
Top of the 4th over - 2 runs, 2 hits, 0 errors, 0 left on base; Phoenix 6 - Chicago 0
BOTTOM OF THE 4TH
Chicago Gold Sox batting - Pitching for Phoenix Hotspur : LHP Wes Hamm
Batting: LHB Ricardo Collazo 0-0: Called Strike
0-1: Swinging Strike
0-2: Foul Ball, location: 2F
0-2: Ball
1-2: Foul Ball, location: 2F
1-2: Ball
2-2: Ball
3-2: Strikes out swinging
Batting: LHB Noel Ballard 0-0: Called Strike
0-1: Ball
1-1: Called Strike
1-2: Ball
2-2: Ground out 1-3 (Groundball, P)
Batting: SHB Lupo Cotto 0-0: Called Strike
0-1: Ball
1-1: Ball
2-1: Ball
3-1: Ground out 6-3 (Groundball, 6)
Bottom of the 4th over - 0 runs, 0 hits, 0 errors, 0 left on base; Phoenix 6 - Chicago 0
TOP OF THE 5TH
Phoenix Hotspur batting - Pitching for Chicago Gold Sox : RHP Shuntavyious Primes-Willes
Batting: LHB Shojiro Ueda 0-0: Swinging Strike
0-1: Reached on error, E3 (Groundball, 3S)
Batting: RHB Ed Sharp 0-0: Ball
1-0: Ball
2-0: Ball
3-0: Called Strike
3-1: SINGLE (Groundball, 56S) (infield hit)
Shojiro Ueda to second
Batting: RHB John Downing 0-0: Ball
1-0: Called Strike
1-1: Ball
2-1: Called Strike
2-2: DOUBLE (Line Drive, 7LM)
Shojiro Ueda scores
Ed Sharp to third
Batting: RHB Kyle Bywaters 0-0: SINGLE (Flyball, 89S)
Ed Sharp scores
John Downing to third
Batting: RHB Pierre Bernard 0-0: Called Strike
0-1: Ball
1-1: Ball
2-1: Called Strike
2-2: Foul Ball, location: 2F
2-2: Ball
3-2: Foul Ball, location: 2F
3-2: Strikes out swinging
Batting: LHB Wagaw Lukongolo 0-0: Called Strike
Kyle Bywaters steals 2nd base
0-1: Ball
1-1: Called Strike
1-2: SINGLE (Line Drive, 8LS)
John Downing scores
Kyle Bywaters to third
Batting: RHB Alex Niemann 0-0: Called Strike
Wagaw Lukongolo steals 2nd base
0-1: Ball
1-1: Ball
2-1: Foul Ball, location: 2F
2-2: Fly out, F2 (Popup, 13S)
Batting: RHB Roland Deschain 0-0: Called Strike
0-1: Foul Ball, location: 2F
0-2: Ball
1-2: Ball
2-2: Ball
3-2: Fly out, F6 (Line Drive, 6)
Top of the 5th over - 3 runs, 4 hits, 1 error, 2 left on base; Phoenix 9 - Chicago 0
BOTTOM OF THE 5TH
Chicago Gold Sox batting - Pitching for Phoenix Hotspur : LHP Wes Hamm
Batting: LHB Dewitt Hopper 0-0: Swinging Strike
0-1: Ball
1-1: Fly out, F9 (Flyball, 89M)
Batting: RHB Manuel Guillama 0-0: Ball
1-0: Called Strike
1-1: Swinging Strike
1-2: Ball
2-2: Foul Ball, location: 2F
2-2: Strikes out swinging
Batting: LHB Sergio Rodríguez 0-0: Foul Ball, location: 2F
0-1: Foul Ball, location: 2F
0-2: Ball
1-2: Fly out, F8 (Flyball, 8RS)
Bottom of the 5th over - 0 runs, 0 hits, 0 errors, 0 left on base; Phoenix 9 - Chicago 0
TOP OF THE 6TH
Phoenix Hotspur batting - Pitching for Chicago Gold Sox : RHP Shuntavyious Primes-Willes
Batting: LHB Francisco García 0-0: Called Strike
0-1: SINGLE (Groundball, 6MD)
Batting: LHB Shojiro Ueda 0-0: Foul Ball, location: 2F
0-1: Ball
1-1: Foul Ball, location: 2F
1-2: Ball
Wild Pitch!
Francisco García to second
2-2: Fly out, F8 (Line Drive, 8LD)
Pitching: RHP Woody Carlson
Batting: RHB Ed Sharp 0-0: Ground out 6-3 (Groundball, 6M)
Francisco García to third
Batting: RHB John Downing 0-0: Foul Ball, location: 2F
0-1: Swinging Strike
0-2: Foul Ball, location: 2F
0-2: Ball
1-2: Ball
2-2: Strikes out swinging
Top of the 6th over - 0 runs, 1 hit, 0 errors, 1 left on base; Phoenix 9 - Chicago 0
BOTTOM OF THE 6TH
Chicago Gold Sox batting - Pitching for Phoenix Hotspur : LHP Wes Hamm
Batting: LHB Naohiro Sakai 0-0: Ball
1-0: Fly out, F8 (Flyball, 8LD)
Batting: RHB Zeus Preckwinkle 0-0: Called Strike
0-1: Fly out, F3 (Line Drive, 3)
Batting: LHB Stanley Belote 0-0: Called Strike
0-1: SINGLE (Line Drive, 34D)
Batting: LHB Ricardo Collazo 0-0: Ball
1-0: Foul Ball, location: 2F
1-1: Foul Ball, location: 2F
1-2: Ball
2-2: Strikes out swinging
Bottom of the 6th over - 0 runs, 1 hit, 0 errors, 1 left on base; Phoenix 9 - Chicago 0
TOP OF THE 7TH
Phoenix Hotspur batting - Pitching for Chicago Gold Sox : RHP Woody Carlson
Batting: RHB Kyle Bywaters 0-0: Ball
1-0: Called Strike
1-1: Ball
2-1: Reached on error, E5 (Groundball, 5)
Batting: RHB Pierre Bernard 0-0: Ball
1-0: Ball
Kyle Bywaters steals 3rd base
2-0: Foul Ball, location: 2F
2-1: Foul Ball, location: 2F
2-2: Ball
3-2: SINGLE (Flyball, 4D)
Kyle Bywaters scores
Batting: LHB Wagaw Lukongolo 0-0: Called Strike
Pierre Bernard steals 2nd base
0-1: Fly out, F7 (Flyball, 7LSF)
Batting: RHB Alex Niemann 0-0: Foul Ball, location: 2F
0-1: Called Strike
0-2: Foul Ball, location: 2F
0-2: Ball
1-2: Strikes out swinging
Batting: RHB Roland Deschain 0-0: Foul Ball, location: 2F
0-1: Ball
1-1: Ball
2-1: SINGLE (Groundball, 3D)
Pierre Bernard to third
Runner from 3rd tries for Home, SAFE, no throw
Batting: LHB Francisco García 0-0: Foul Ball, location: 2F
0-1: SINGLE (Line Drive, 7LS)
Roland Deschain to second
Batting: LHB Shojiro Ueda 0-0: Called Strike
0-1: Ball
1-1: Foul Ball, location: 2F
1-2: Ball
2-2: Fly out, F7 (Flyball, 7S)
Top of the 7th over - 2 runs, 3 hits, 1 error, 2 left on base; Phoenix 11 - Chicago 0
BOTTOM OF THE 7TH
Chicago Gold Sox batting - Pitching for Phoenix Hotspur : LHP Wes Hamm
Batting: LHB Noel Ballard 0-0: Called Strike
0-1: Ball
1-1: Ball
2-1: Called Strike
2-2: Strikes out swinging
Batting: SHB Lupo Cotto 0-0: Swinging Strike
0-1: Foul Ball, location: 2F
0-2: Ball
1-2: SINGLE (Groundball, 56) (infield hit)
Batting: LHB Dewitt Hopper 0-0: Called Strike
0-1: Fly out, F3 (Line Drive, 3)
Batting: RHB Manuel Guillama 0-0: Foul Ball, location: 2F
0-1: Foul Ball, location: 2F
0-2: Ball
1-2: Fly out, F8 (Flyball, 8LS)
Bottom of the 7th over - 0 runs, 1 hit, 0 errors, 1 left on base; Phoenix 11 - Chicago 0
TOP OF THE 8TH
Phoenix Hotspur batting - Pitching for Chicago Gold Sox : RHP Woody Carlson
Batting: RHB Ed Sharp 0-0: Called Strike
0-1: Ball
1-1: Swinging Strike
1-2: Ball
2-2: Foul Ball, location: 2F
2-2: Ball
3-2: Strikes out swinging
Batting: RHB John Downing 0-0: Ball
1-0: Fly out, F7 (Flyball, 7D)
Batting: RHB Kyle Bywaters 0-0: Ball
1-0: Ball
2-0: Called Strike
2-1: Foul Ball, location: 2F
2-2: Ball
3-2: Foul Ball, location: 2F
3-2: Fly out, F8 (Flyball, 8RD)
Top of the 8th over - 0 runs, 0 hits, 0 errors, 0 left on base; Phoenix 11 - Chicago 0
BOTTOM OF THE 8TH
Chicago Gold Sox batting - Pitching for Phoenix Hotspur : LHP Wes Hamm
Batting: LHB Sergio Rodríguez 0-0: SINGLE (Flyball, 9LM)
Pinch Hitting: RHB Norman Winston 0-0: Ball
1-0: Called Strike
1-1: SINGLE (Groundball, 6MD)
Sergio Rodríguez to second
Runner from 2nd tries for 3rd, SAFE, no throw
Batting: RHB Zeus Preckwinkle 0-0: Foul Ball, location: 2F
0-1: Swinging Strike
0-2: Ball
1-2: Strikes out swinging
Batting: LHB Stanley Belote 0-0: Ball
1-0: Grounds into double play, 4-6-3 (Groundball, 4)
Bottom of the 8th over - 0 runs, 2 hits, 0 errors, 1 left on base; Phoenix 11 - Chicago 0
TOP OF THE 9TH
Phoenix Hotspur batting - Pitching for Chicago Gold Sox : RHP Woody Carlson
Now at SS: Norman Winston
Batting: RHB Pierre Bernard 0-0: Foul Ball, location: 2F
0-1: Foul Ball, location: 2F
0-2: Foul Ball, location: 2F
0-2: Ball
1-2: Foul Ball, location: 2F
1-2: Ball
2-2: Strikes out looking
Batting: LHB Wagaw Lukongolo 0-0: Ball
1-0: Ball
2-0: Foul Ball, location: 2F
2-1: SINGLE (Groundball, 6MS) (infield hit)
Batting: RHB Alex Niemann 0-0: Swinging Strike
0-1: Foul Ball, location: 2F
0-2: Strikes out looking
Batting: RHB Roland Deschain 0-0: Called Strike
0-1: Ball
Wagaw Lukongolo steals 2nd base
1-1: Ball
Wagaw Lukongolo is caught stealing 3rd base
Top of the 9th over - 0 runs, 1 hit, 0 errors, 0 left on base; Phoenix 11 - Chicago 0
BOTTOM OF THE 9TH
Chicago Gold Sox batting - Pitching for Phoenix Hotspur : LHP Wes Hamm
Batting: LHB Ricardo Collazo 0-0: Ground out 4-3 (Groundball, 4)
Batting: LHB Noel Ballard 0-0: Called Strike
0-1: Ball
1-1: Reached on error, E2 (Groundball, 2R)
Batting: SHB Lupo Cotto 0-0: Ball
1-0: Called Strike
1-1: Ball
2-1: Fly out, F7 (Flyball, 7D)
Runner from 2nd tags up, SAFE at 3rd, no throw
Batting: LHB Dewitt Hopper 0-0: Fly out, F9 (Flyball, 9D)
Bottom of the 9th over - 0 runs, 0 hits, 1 error, 1 left on base; Phoenix 11 - Chicago 0
Sunday, March 18th, 2018 - OOTP Baseball 18.8 Build 76